 Dungeon Crawl Stone Soup version 0.28.0-53-g5a82cb258f (webtiles) character file.

Game seed: 8624742333832458718

123 DemonSlayer the Firebug (level 4, -2/31 HPs)
             Began as a Demonspawn Fire Elementalist on July 21, 2022.
             Slain by Natasha (6 damage)
             ... on level 3 of the Dungeon.
             The game lasted 00:06:05 (3666 turns).

DemonSlayer the Firebug (DsFE)                      Turns: 3666, Time: 00:06:07

Health: -2/31      AC:  4    Str:  8    XL:     4   Next: 79%
Magic:  1/7        EV: 12    Int: 19    God:
Gold:   11         SH:  0    Dex: 13    Spells: 1/7 levels left

rFire   + . .      SeeInvis .   e - +0 trident
rCold   . . .      Faith    .   (no shield)
rNeg    . . .      Spirit   .   a - +0 robe
rPois   .          Reflect  .   (helmet restricted)
rElec   .          Harm     .   c - scarf {repulsion}
rCorr   .          Rampage  .   (no gloves)
Will    .....                   (no boots)
Stlth   ++........              (no amulet)
HPRegen 0.10/turn               g - ring of protection from fire
MPRegen 0.10/turn               (no ring)

@: repel missiles
A: horns 1, icy blue scales 1, foul stench 1
a: no special abilities


You were on level 3 of the Dungeon.
You visited 1 branch of the dungeon, and saw 3 of its levels.

You collected 90 gold pieces.
You spent 79 gold pieces at shops.

Inventory:

Hand Weapons
 e - a +0 trident (weapon)
Armour
 a - a +0 robe (worn)
 c - a scarf of repulsion (worn)
Jewellery
 g - a ring of protection from fire (left hand)
Scrolls
 f - 2 scrolls of identify {unknown}
 h - 2 scrolls of vulnerability {unknown}
 i - 2 scrolls of teleportation {unknown}
 k - 2 scrolls of immolation {unknown}
 m - a scroll of blinking {unknown}
 p - a scroll of fear {unknown}
Potions
 b - a potion of resistance {unknown}
 d - a potion of attraction {unknown}
 j - a potion of lignification {unknown}
 l - 2 potions of curing
 n - a potion of ambrosia {unknown}
 o - 2 potions of mutation {unknown}


   Skills:
 + Level 0.8 Fighting
 + Level 1.3 Polearms
 + Level 2.4 Dodging
 + Level 2.2 Stealth
 + Level 2.3 Spellcasting
 + Level 2.1 Conjurations
 + Level 3.4 Fire Magic


You had one spell level left.
You knew the following spells:

 Your Spells              Type           Power      Damage    Failure   Level
a - Foxfire               Conj/Fire      48%        2x1d6     5%          1
b - Scorch                Fire           30%        2d7       6%          2
c - Conjure Flame         Conj/Fire      12%        6-21      16%         3

Your spell library contained the following spells:

 Spells                   Type           Power      Damage    Failure   Level
 Inner Flame              Hex/Fire       8%         N/A       24%         3
 Flame Wave               Conj/Fire      12%        2d6       47%         4


Dungeon Overview and Level Annotations

Branches:
Dungeon (3/15)

Altars:

Shops:
D:2 [   D:3 (*?(

Annotations:
D:3 Natasha


Innate Abilities, Weirdness & Mutations

You have a pair of small horns on your head.
You are partially covered in icy blue scales. (AC +2)
You may rarely emit foul miasma when damaged in melee.


Message History

The shadow imp's fire resistance burns away.
The endoplasm quivers.
Flames lash the shadow imp.
The shadow imp is burned terribly!
You kill the shadow imp!
The shadow imp disappears in a puff of smoke!
Natasha stares at you and mumbles some strange words.
You resist with some effort.
Flames lash Natasha.
Natasha is heavily wounded.
Natasha's fire resistance burns away.
Natasha claws you!
You hit Natasha but do no damage. You headbutt Natasha.
Natasha is heavily wounded.
Natasha claws you.
You don't have enough magic to cast this spell.
You closely miss Natasha. You headbutt Natasha, but do no damage.
Your punch misses Natasha.
Natasha is heavily wounded.
Natasha drinks a potion.
Natasha is healed!
The endoplasm freezes you.
You are frozen.
Natasha closely misses you.
You miss Natasha. You headbutt Natasha, but do no damage.
Natasha is moderately wounded.
The endoplasm hits you but does no damage.
Natasha closely misses you.
You puncture Natasha!
Natasha is severely wounded.
Natasha is no longer more vulnerable to fire.
The endoplasm closely misses you. Natasha casts a spell at you.
The magic dart hits you!
* * * LOW HITPOINT WARNING * * *
The endoplasm completely misses you.
You barely miss Natasha.
Natasha is severely wounded.
Natasha barely misses you. The endoplasm freezes you.
You are frozen.
* * * LOW HITPOINT WARNING * * *
Natasha claws you.
You die...

#.........#.#####
#................
#........##.#####
#........##.#
#........##.#####
##.#####.........
####>#####.........
#..................
#####
#.@.......##.......
....#
#Jh.......##.......
....#
#.....#######.......
....#
.....#########.......
....# .....<.
.............. ....#
.<......#
#######....... ....#
........# #.......
....# ........#
#....∩.∩ ....#
#####...


You could see Natasha and an endoplasm.

Vanquished Creatures
  Natasha (D:3)
  An adder (D:2)
  2 dart slugs
  5 bats
  7 endoplasms
  3 giant cockroaches
  11 goblins
  9 hobgoblins
  10 jackals
  8 kobolds
  2 quokkas
  7 ball pythons
  6 frilled lizards
  3 rats
75 creatures vanquished.

Vanquished Creatures (others)
  81 foxfires
81 creatures vanquished.

Grand Total: 156 creatures vanquished

Notes
Turn   | Place    | Note
-------+----------+-------------------------------------------
     0 | D:1      | DemonSlayer the Demonspawn Fire Elementalist began the
                  | quest for the Orb.
     0 | D:1      | Reached XP level 1. HP: 13/13 MP: 3/3
    94 | D:2      | Found Guckuyky's Armour Shop.
   434 | D:2      | Gained mutation: You may rarely emit foul miasma when
                  | damaged in melee. [demonic ancestry]
   434 | D:2      | Reached XP level 2. HP: 15/19 MP: 5/5
   437 | D:2      | Learned a level 2 spell: Scorch
   752 | D:2      | Reached skill level 3 in Fire Magic
   993 | D:1      | Found a faded altar of an unknown god.
  1013 | D:1      | Gained mutation: You have a pair of small horns on your
                  | head. [demonic ancestry]
  1013 | D:1      | Reached XP level 3. HP: 23/24 MP: 6/6
  2186 | D:1      | Gained mutation: You are partially covered in icy blue
                  | scales. (AC +2) [demonic ancestry]
  2186 | D:1      | Reached XP level 4. HP: 30/30 MP: 7/7
  2405 | D:1      | Learned a level 3 spell: Conjure Flame
  2980 | D:3      | Noticed Natasha
  2984 | D:3      | Killed Natasha
  2985 | D:3      | Reached skill level 1 in Polearms
  3160 | D:3      | Found Cona's Weapon Shoppe.
  3421 | D:3      | Found Gatsopt's Assorted Antiques.
  3432 | D:3      | Bought a scroll labelled HUNAUCV OLLUI for 22 gold pieces
  3432 | D:3      | Bought a fuming purple potion for 19 gold pieces
  3432 | D:3      | Bought a cyan potion for 19 gold pieces
  3432 | D:3      | Bought a fizzy dark potion for 19 gold pieces
  3501 | D:3      | Found Kujabb's Magic Scroll Boutique.
  3612 | D:3      | Found Pisedwapu's Weapon Emporium.
  3656 | D:3      | Noticed Natasha
  3666 | D:3      | Slain by Natasha

Illustrated notes

Levels and vault maps discovered:
D:1:      evilmike_arrival_hilbert_curve, layout_loops_ring,
          ebering_ecumenical_altar_hall, kennysheep_nondescript
D:2:      layout_basic, serial_shops, nicolae_diamond_shop, kennysheep_path_1,
          st_stairs_2, palyth_stone_intersect, minivault_19
D:3:      layout_basic, serial_shops, shop, nicolae_shop_behind_doors,
          nicolae_shop_competitors_out_of_business, shop_statue, uniq_natasha

Skill      XL: |  1  2  3  4 |
---------------+-------------+-----
Dodging        | 2 |  2.4
Fire Magic     | 3 |  3.4
Conjurations   | 2 |  2.1
Stealth        | 2 |  2.2
Polearms       | 1 |  1.3
Fighting       | |  0.8
Spellcasting   | |  2.3

Action                   |  1- 3 |  4- 6 || total
-------------------------+-------+-------++-------
Melee: Trident           |    74 |    51 ||   125
       Unarmed           |     2 |       ||     2
       Headbutt          |     4 |     8 ||    12
       Punch             |     1 |       ||     1
 Cast: Foxfire           |    53 |       ||    53
       Scorch            |       |    12 ||    12
 Stab: Sleeping          |     1 |     4 ||     5
       Distracted        |       |     1 ||     1
Armor: Robe              |    18 |     9 ||    27
Dodge: Dodged            |    68 |    28 ||    96
